Cogmind - Beta 12 @@@ ROGUE MODE // 2024.02.17 @ 20:35:11 Player: ToasterKoishi Result: Destroyed by G-34 Mercenary with Small Laser Performance ------------- Evolutions (0) 0 Regions Visited (2) 400 Robots Destroyed (18) 90 Value Destroyed (472) 472 Prototype IDs (2) 40 Alien Tech Used (0) 0 Bonus (85) 85 TOTAL SCORE: 1087 Bonus ------- Follower Combat Kills 85 Cogmind --------- Core Integrity 0/250 Matter 263/300 Energy 250/250 System Corruption 1% Temperature Cool (8) Movement Walking (190) Ox1 Location -10/Mines Parts ------- > --- POWER (1) -------- Ion Engine > --- PROPULSION (2) --- Aluminum Leg Aluminum Leg > --- UTILITY (2) ------ Large Storage Unit Hardened Medium Armor Plating > --- WEAPON (2) ------- Assault Rifle Assault Rifle > --- INVENTORY (15) --- Ion Engine Light Nuclear Core Aluminum Leg Aluminum Leg Aluminum Leg Aluminum Leg Compact Wheel Improved Heat Sink Large Storage Unit Medium Matter Pod (100) Medium Armor Plating Medium Armor Plating Medium Armor Plating Light Assault Rifle Light Assault Rifle Peak State ------------ > --- POWER ------------ Ion Engine > --- PROPULSION ------- Aluminum Leg Aluminum Leg > --- UTILITY ---------- Large Storage Unit Hardened Medium Armor Plating > --- WEAPON ----------- Assault Rifle Assault Rifle > --- INVENTORY -------- Ion Engine Light Nuclear Core Aluminum Leg Aluminum Leg Aluminum Leg Aluminum Leg Compact Wheel Improved Heat Sink Large Storage Unit Medium Matter Pod Medium Armor Plating Medium Armor Plating Medium Armor Plating Light Assault Rifle Light Assault Rifle [Rating: 11] Favorites ----------- Power Ion Engine Engine Ion Engine Propulsion Aluminum Leg Leg Aluminum Leg Utility Large Storage Unit Device Seismic Detector Storage Large Storage Unit Protection Light Armor Plating Weapon Assault Rifle Energy Gun Medium Laser Ballistic Gun Assault Rifle Build | -11 -10 -10 ------- Run | Jun Mat Min Slots Evolved . | . . . Power . | . . . Propulsion . | . . . Utility . | . . . Weapon . | . . . Parts Attached 27 | 6 11 10 Power 6 | 2 1 3 Engine 6 | 2 1 3 Core . | . . . Reactor . | . . . Propulsion 8 | 2 2 4 Treads . | . . . Leg 8 | 2 2 4 Wheel . | . . . Hover . | . . . Flight . | . . . Utility 6 | . 4 2 Device 1 | . 1 . Storage 2 | . 2 . Processor . | . . . Hackware . | . . . Protection 3 | . 1 2 Artifact . | . . . Weapon 7 | 2 4 1 Energy Gun 1 | 1 . . Energy Cannon . | . . . Ballistic Gun 6 | 1 4 1 Ballistic Cannon . | . . . Launcher . | . . . Special Weapon . | . . . Impact Weapon . | . . . Slashing Weapon . | . . . Piercing Weapon . | . . . Special Melee Weapon . | . . . Unidentified Prototypes . | . . . Parts Lost 2 | . . 2 Power 1 | . . 1 Propulsion . | . . . Utility 1 | . . 1 Weapon . | . . . Highest Loss Streak 1 | . . 1 To Critical Strikes . | . . . Average Slot Usage (%) 98 | . 98 99 Engine 13 | . 14 13 Leg 28 | . 28 28 Device 1 | . 1 . Storage 13 | . 13 14 Protection 12 | . 10 13 Energy Gun 1 | . 2 . Ballistic Gun 26 | . 25 28 Naked Turns . | . . . Heaviest Build 37 | 9 31 37 Greatest Support 20 | 20 20 20 Greatest Overweight (x) 1 | 1 1 1 Average Overweight (x) . | . . 1 Largest Inventory Capacity 15 | 5 15 15 Average Capacity 13 | 5 12 15 Most Carried 15 | 5 15 15 Average Carried 11 | 2 9 14 Final Capacity 15 | 5 15 15 Final Carried 15 | 5 15 15 Class Distribution -------------------- 100% | Mutant Dominant Class ---------------- Mutant | -10/Materials Mutant | -10/Mines Resources | -11 -10 -10 ----------- Run | Jun Mat Min Matter Collected 766 | 269 293 204 Remotely . | . . . Salvage Created 638 | 37 325 276 Parts 38 | 7 22 9 Haulers Intercepted . | . . . Recyclers Shooed . | . . . Parts Field Recycled . | . . . Retrieved Matter . | . . . Parts Self-Destructed . | . . . Prevented . | . . . Kills | -11 -10 -10 ------- Run | Jun Mat Min Combat Hostiles Destroyed 15 | . 9 6 Guns 15 | . 9 6 Classes Destroyed 4 | 1 3 . Tunneler 2 | 2 . . Recycler 1 | . 1 . Swarmer 5 | . 5 . Grunt 10 | . 4 6 Best Kill Streak 3 | 2 3 2 Combat Bots Only 3 | . 3 2 Max Kills in Single Turn 1 | 1 1 1 Gunslinging . | . . . Exploded . | . . . Melee . | . . . Uniques/NPCs Destroyed . | . . . Combat | -11 -10 -10 -------- Run | Jun Mat Min Damage Taken 869 | . 317 552 Core 251 | . 109 142 Absorbed by Shields . | . . . Core Remaining (%) 100 | 100 . . Volleys Fired 53 | 3 26 24 Largest 2 | 2 2 2 Hottest 70 | 70 70 40 Shots Fired 106 | 6 52 48 Gun 106 | 6 52 48 Cannon . | . . . Launcher . | . . . Special . | . . . Kinetic 92 | 3 41 48 Thermal 14 | 3 11 . Explosive . | . . . Electromagnetic . | . . . Robot Hit Streak 15 | 2 9 15 Robot Miss Streak 4 | 1 4 2 Penetration Max . | . . . Secondary Targets 4 | . 2 2 Max Gunslinging Chain 1 | . 1 1 Shots Hit Robots 74 | 3 33 38 Core Hits 36 | 2 18 16 Critical Kills . | . . . Critical Parts Destroyed . | . . . Critical Strikes 1 | . 1 . Burn 1 | . 1 . Melee Attacks . | . . . Impact . | . . . Slashing . | . . . Piercing . | . . . Sneak Attacks . | . . . Combat Hostiles . | . . . Follow-up Attacks . | . . . Damage Inflicted 899 | 47 388 464 Guns 899 | 47 388 464 Cannons . | . . . Explosions . | . . . Melee . | . . . Ramming . | . . . Kinetic 775 | 10 301 464 Thermal 124 | 37 87 . Explosive . | . . . Electromagnetic . | . . . Impact . | . . . Slashing . | . . . Piercing . | . . . Highest Corruption 1 | . . 1 Average Corruption 1 | . . 1 Corruption Purged . | . . . Corruption Blocked . | . . . Effects 2 | . . 2 Message Errors 1 | . . 1 Matter Fused 1 | . . 1 Overload Shots . | . . . Overflow Damage . | . . . Projectiles . | . . . Explosions . | . . . Melee . | . . . Knockbacks . | . . . Impact . | . . . Kinetic . | . . . Secondary . | . . . Self-Inflicted Damage . | . . . Shots . | . . . Rammed . | . . . Targets Rammed . | . . . Kicked . | . . . Crushed . | . . . Highest Temperature 73 | 27 45 73 Average Temperature 18 | 14 18 20 Received Heat Transfer 393 | . 102 291 Siege Activations . | . . . Robots Corrupted . | . . . Combat Hostiles . | . . . Parts Fried . | . . . Impact Corruptions . | . . . Robots Melted . | . . . Combat Hostiles . | . . . Parts Melted 1 | . 1 . Heat Transferred 444 | 111 333 . Parts Sabotaged . | . . . Parts Stolen . | . . . Parts Stripped . | . . . Power Chain Reactions . | . . . Missiles Intercepted . | . . . Alert | -11 -10 -10 ------- Run | Jun Mat Min Peak Influence 270 | 10 270 163 Initial 11 | . 6 11 Average 81 | 2 82 86 Maximum Alert Level 1 | . 1 . Low Security (%) 91 | 100 84 100 Level 1 8 | . 15 . Level 2 . | . . . Level 3 . | . . . Level 4 . | . . . Level 5 . | . . . High Security . | . . . Max Security . | . . . Squads Dispatched 2 | . 2 . Investigation 1 | . 1 . Extermination . | . . . Reinforcement 1 | . 1 . Assault . | . . . Garrison . | . . . Intercept . | . . . Searches Triggered . | . . . Construction Impeded . | . . . Haulers Reinforced . | . . . Active Scanning Responses . | . . . Cargo Convoy Interrupts . | . . . Stealth | -11 -10 -10 --------- Run | Jun Mat Min Distress Signals 1 | . 1 . Communications Jammed . | . . . Distress Signals . | . . . Times Spotted 38 | . 27 11 Peak Tracking Total 6 | . 6 3 Tactical Retreats 1 | . . 1 Traps | -11 -10 -10 ------- Run | Jun Mat Min Traps Triggered 1 | . 1 . Indirectly . | . . . Trap Hack Attempts . | . . . Triggered . | . . . Disarmed . | . . . Reprogrammed . | . . . Reused . | . . . Traps Extracted . | . . . Installed . | . . . Triggered . | . . . Machines | -11 -10 -10 ---------- Run | Jun Mat Min Machines Disabled 1 | . 1 . Max in Single Turn 1 | . 1 . Machines Repaired . | . . . Machines Sabotaged . | . . . Overloaded Fab Kills . | . . . Hacking | -11 -10 -10 --------- Run | Jun Mat Min Machines Accessed 8 | . 6 2 Terminals 7 | . 6 1 Fabricators . | . . . Repair Stations . | . . . Recycling Units . | . . . Scanalyzers . | . . . Garrison Access . | . . . Total Hacks 19 | . 13 6 Successful 12 | . 7 5 Failed 7 | . 6 1 Catastrophic 1 | . 1 . Database Lockouts . | . . . Manual 6 | . 6 . Terminals 18 | . 13 5 Fabricators . | . . . Repair Stations . | . . . Recycling Units . | . . . Scanalyzers . | . . . Garrison Access . | . . . Terminal Hacks 12 | . 7 5 Record 4 | . . 4 Robot Analysis 1 | . 1 . Prototype ID Bank 1 | . 1 . Open Door 1 | . . 1 Emergency Access Points 1 | . 1 . Unreport Threat 2 | . 2 . Locate Traps 1 | . 1 . Zone Layout 1 | . 1 . Fabricator Hacks . | . . . Repair Station Hacks . | . . . Recycling Unit Hacks . | . . . Scanalyzer . | . . . Garrison Access Hacks . | . . . Unauthorized Hacks . | . . . Terminals . | . . . Fabricators . | . . . Repair Stations . | . . . Recycling Units . | . . . Scanalyzers . | . . . Garrison Access . | . . . Data Cores Recovered . | . . . Used . | . . . Hacking Detections 5 | . 5 . Full Trace Events 1 | . 1 . Feedback Events . | . . . Feedback Blocked . | . . . Robot Schematics Acquired . | . . . Robots Built . | . . . Authchips . | . . . Time . | . . . Total Robot Build Rating . | . . . Part Schematics Acquired . | . . . Parts Built . | . . . Authchips . | . . . Time . | . . . Total Part Build Rating . | . . . Parts Repaired . | . . . Time . | . . . Parts Recycled . | . . . Recycled Matter . | . . . Retrieved Matter . | . . . Retrieved Components . | . . . Parts Scanalyzed . | . . . Part Schematics Acquired . | . . . Parts Damaged . | . . . Bothacking | -11 -10 -10 ------------ Run | Jun Mat Min Used RIF Installer . | . . . Robots Hacked . | . . . Non-combat . | . . . Combat . | . . . Robot Hacks Applied . | . . . Relay Couplers Released . | . . . Fabnet Peak Effective % . | . . . Robots Rewired . | . . . Allies Hacked . | . . . Hacks Repelled . | . . . Allies | -11 -10 -10 -------- Run | Jun Mat Min Total Allies 2 | . . 2 Largest Group 2 | . . 2 Highest-Rated Group 46 | . . 46 Highest-Rated Ally 31 | . . 31 Total Orders . | . . . Ally Attacks 17 | . . 17 Total Damage 254 | . . 254 Kills 3 | . . 3 Allies Corrupted . | . . . Allies Melted . | . . . Intel | -11 -10 -10 ------- Run | Jun Mat Min Robot Analysis Total 1 | . 1 . Derelict Logs Recovered 2 | . . 2 Drone Launches . | . . . Drone Recoveries . | . . . Exploration | -11 -10 -10 ------------- Run | Jun Mat Min Turns Passed 2058 | 77 1158 823 Spaces Moved 1043 | 53 618 372 Core 12 | 12 . . Treads . | . . . Legs 1031 | 41 618 372 Wheels . | . . . Hover . | . . . Flight . | . . . Fastest Speed 50 | 50 120 190 Average Speed 171 | 105 165 190 Slowest Speed 190 | 120 190 190 Overloaded Moves . | . . . Propulsion Burnouts . | . . . Robots Hopped . | . . . Cave-ins Triggered . | . . . Exploration Rate (%) 61 | 4 96 84 Regions Visited 2 Branch Regions 1 Pre-discovered Areas . | . . . Known Exits Taken . | . . . Unknown Exits Taken 2 | 1 1 . Scrap Searched 1 | . . 1 Spaces Dug . | . . . Terrain Destroyed . | . . . Melee . | . . . Projectile . | . . . AOE . | . . . Terrain Rammed . | . . . Walls Destroyed . | . . . Machines Disabled . | . . . Actions | -11 -10 -10 --------- Run | Jun Mat Min Total 1211 | 65 704 442 Wait 61 | . 30 31 Move 1041 | 52 617 372 Hop . | . . . Pick Up 15 | 4 11 . Fast Attach 7 | 5 2 . Attach 4 | . 2 2 Detach 1 | . 1 . Swap 16 | 1 7 8 Drop 13 | . 8 5 Fire 53 | 3 26 24 Melee . | . . . Ram . | . . . Kick . | . . . Crush . | . . . Escape Stasis . | . . . Rewire . | . . . Trap . | . . . Miscellaneous . | . . . Route ------- -11/Junkyard -10/Materials (discovered 4 exits: [*Mat x3] / *Min) -10/Mines (discovered 2 exits: [*Mat x2]) History --------- Turn | Location | Event 8 | -11/Junkyard | Discovered new exit (range 15) 78 | -11/Junkyard | Entered Materials 103 | -10/Materials | Discovered new exit (range 22) 303 | -10/Materials | Build established: Mutant 492 | -10/Materials | Discovered new exit (range 16) 586 | -10/Materials | Discovered new exit (range 15) 826 | -10/Materials | Discovered new exit (range 16) 1236 | -10/Materials | Entered Mines 1239 | -10/Mines | Core integrity fell below 50% 1283 | -10/Mines | Met a Derelict bent on vengeance 1376 | -10/Mines | Core integrity fell below 20% 1450 | -10/Mines | Discovered new exit (range 5) 1674 | -10/Mines | Discovered new exit (range 13) 1783 | -10/Mines | Met a Derelict who couldn't figure out how to use a Trap Extractor 1873 | -10/Mines | Found a damaged Exp. Sensor Array with a note attached 2059 | -10/Mines | Destroyed by G-34 Mercenary with Small Laser Last Messages --------------- 01791_ A bubble of electromagnetic force engulfs the area. 01791_ Machine disabled. 01791_ Chain reaction triggered in Lgt. Nuclear Core. 01816_ T-07 Excavator is excavating. 01873_ A damaged part is partially visible under some rubble. There's a note attached: "Everyone keeps telling us we should avoid high-traffic areas because that's where patrols are more likely to show up, but that doesn't do us much good if we can't spot those areas until they're on top of us... With this we can! Deliver it to Megawrench for repairs then we'll never be afraid of an ambush while sneaking around Materials again, ha." 01911_ K-01 Serf collects debris. 01917_ K-01 Serf cleans the Plasma Injector. 01921_ K-01 Serf collects debris. 01930_ 4UEIOXP98C#N1>8&7YM